 Dungeon Crawl Stone Soup version 0.18.1-8-gdd0e5ea (webtiles) character file.

1354 RudyRod the Firebug (level 8, -2/64 HPs)
             Began as a Naga Fire Elementalist on June 9, 2016.
             Slain by a wraith (9 damage)
             ... in an ossuary.
             The game lasted 00:40:51 (6847 turns).

RudyRod the Firebug (Naga Fire Elementalist)        Turns: 6847, Time: 00:40:52

Health: -2/64      AC:  4    Str: 16    XL:     8   Next: 63%
Magic:  2/15       EV: 10    Int: 18    God:
Gold:   191        SH:  0    Dex: 11    Spells: 4 memorised, 7 levels left

rFire  . . .     SeeInvis +     e - +0 short sword
rCold  . . .     Gourm    .     a - +0 robe
rNeg   . . .     Faith    .     (no shield)
rPois  +         Spirit   .     d - +1 hat
rElec  .         Dismiss  .     (no cloak)
rCorr  .         Reflect  .     (no gloves)
SustAt .         Harm     .     (no barding)
MR     ++...                    (no amulet)
Stlth  +++.......               y - ring of flight
                                m - ring of protection from magic

@: mighty, very slightly contaminated, slowed, very slow, very resistant to
hostile enchantments, fairly stealthy
A: see invisible, deformed body, poison resistance, slowness 2, slow metabolism
1, spit poison 2, AC +2
a: Spit Poison, Evoke Flight


You were in an ossuary.
You were not hungry.

You visited 1 branch of the dungeon, and saw 5 of its levels.
You also visited: Ossuary.

You collected 210 gold pieces.
You spent 19 gold pieces at shops.

Inventory:

Hand Weapons
 e - a +0 short sword (weapon)
 t - a +1 dagger of draining
Armour
 a - a +0 robe (worn)
 d - a +1 hat (worn)
 x - a +0 scale mail
 z - a +1 ring mail of fire resistance
Jewellery
 m - a ring of protection from magic (left hand)
 y - a ring of flight (right hand)
 G - the amulet "Keegowex" {RegenMP rPois, unknown}
   (You took it off an orc on level 4 of the Dungeon)

   [amulet of magic regeneration]

   It increases your magic regeneration.
   It protects you from poison.
 I - an uncursed ring of stealth {unknown}
Wands
 o - a wand of random effects (29/48)
 q - a wand of paralysis (13/24)
Scrolls
 f - 2 scrolls of amnesia
 h - a scroll of remove curse
 j - 2 scrolls of teleportation
 n - 5 scrolls of identify
 A - a scroll of recharging {unknown}
 B - a scroll of magic mapping {unknown}
 E - a scroll of fear {unknown}
 J - a scroll of blinking {unknown}
Potions
 i - 2 potions of resistance
 k - 2 potions of might
 l - 2 potions of lignification {unknown}
 p - 2 potions of invisibility {unknown}
 r - 2 potions of curing {unknown}
 s - 2 potions of heal wounds {unknown}
 u - a potion of beneficial mutation {unknown}
 w - a potion of brilliance {unknown}
 D - a potion of ambrosia {unknown}
 H - 2 potions of haste {unknown}
Books
 b - a book of Flames

   Spells                             Type                      Level
   a - Flame Tongue                   Conjuration/Fire             1
   b - Throw Flame                    Conjuration/Fire             2
   c - Conjure Flame                  Conjuration/Fire             3
   d - Inner Flame                    Hexes/Fire                   3
   e - Sticky Flame                   Conjuration/Fire             4
   f - Fireball                       Conjuration/Fire             5
 v - a book of Death

   Spells                             Type                      Level
   a - Corpse Rot                     Necromancy                   2
   b - Sublimation of Blood           Necromancy                   2
   c - Agony                          Necromancy                   5
   d - Dispel Undead                  Necromancy                   5
   e - Excruciating Wounds            Charms/Necromancy            5
   f - Bolt of Draining               Conjuration/Necromancy       5
Comestibles
 c - 4 bread rations
 g - 3 meat rations
 C - 2 beef jerkies
 F - a slice of pizza


   Skills:
 + Level 1.5 Fighting
 + Level 0.6 Short Blades
 + Level 1.0 Armour
 + Level 3.3 Dodging
 + Level 4.8 Stealth
 + Level 4.8 Spellcasting
 + Level 4.0 Conjurations
 * Level 3.7 Necromancy
 + Level 5.5 Fire Magic


You had 7 spell levels left.
You knew the following spells:

 Your Spells              Type           Power        Failure   Level  Hunger
a - Flame Tongue          Conj/Fire      ###..        1%          1    None
b - Throw Flame           Conj/Fire      ###...       3%          2    #......
c - Corpse Rot            Necr           N/A          6%          2    #......
d - Sticky Flame          Conj/Fire      ###.....     24%         4    ####...


Dungeon Overview and Level Annotations

Branches:
Dungeon (5/15)
 Temple: D:4-7

Altars:
Gozag
Nemelex Xobeh
Sif Muna
Trog
Xom
The Shining One

Shops:
D:5 %

Annotations:
D:5 Edmund, Eustachio


Innate Abilities, Weirdness & Mutations

You cannot wear boots.
Your serpentine skin is tough (AC +2).
You have supernaturally acute eyesight.
Armour fits poorly on your strangely shaped body.
Your system is resistant to poisons.
You cover ground very slowly.
You have a slow metabolism.
You can spit poison.


Message History

An orc skeleton comes into view.
Drop what? 36/52 slots (_ for help) (? for menu, Esc to quit)
Okay, then.
Drink which item? (? for menu, Esc to quit)
It was a potion of might.
You feel very mighty all of a sudden. The wraith barely misses you.
The wraith closely misses you. The wraith barely misses you.
The wraith hits you but does no damage. The wraith hits you.
* * * LOW HITPOINT WARNING * * *
The wraith drains your vigour!
You feel as though you will be slow longer.
The wraith hits you.
* * * LOW HITPOINT WARNING * * *
The wraith drains your vigour!
You feel as though you will be slow longer.
The wraith closely misses you. The wraith hits you!
You die...

..................Z
...................
#########'''#######
####...####
#..'...'..#
#..#...#..#
####...#### #..W#
#..@# #...# #...#
#...# ##'''##
##.....##
###.......####
#W▓...∩.∩...▓W#
####.......####


You could see a wraith.

Vanquished Creatures
  Grinder (D:4)
  Menkaure (D:5)
  An ice beast (D:5)
  A phantom (D:4)
  The ghost of Typee the Conjurer, an amateur OpCj (D:3)
  Blork the orc (D:5)
  A giant frog (D:4)
  A hound (D:4)
  A jelly (D:3)
  5 orc priests
  2 orc wizards
  An iguana (D:4)
  Natasha (thrice) (D:3)
  4 worker ants
  A mummy (Ossuary)
  5 adders
  An ooze (D:4)
  An adder zombie (D:5)
  2 worms (D:2)
  6 dart slugs
  2 giant geckos
  12 orcs
  4 ball pythons
  A giant cockroach (D:4)
  8 goblins
  7 hobgoblins
  8 jackals
  5 quokkas
  8 bats
  4 giant newts
  2 gnoll skeletons (Ossuary)
  8 kobolds
  3 kobold skeletons (Ossuary)
  7 orc skeletons (Ossuary)
  A quokka skeleton (D:4)
  9 rats
129 creatures vanquished.

Notes
Turn   | Place    | Note
--------------------------------------------------------------
     0 | D:1      | RudyRod the Naga Fire Elementalist began the quest for the Orb.
     0 | D:1      | Reached XP level 1. HP: 15/15 MP: 3/3
   342 | D:1      | Reached XP level 2. HP: 8/22 MP: 0/5
  1214 | D:1      | Reached XP level 3. HP: 23/28 MP: 1/6
  2109 | D:2      | Found a shimmering altar of Xom.
  2196 | D:2      | Reached XP level 4. HP: 35/37 MP: 4/7
  2445 | D:2      | Learned a level 2 spell: Throw Flame
  2748 | D:2      | Reached skill level 1 in Armour
  3222 | D:3      | Found a glowing golden altar of the Shining One.
  3263 | D:3      | Learned a level 2 spell: Corpse Rot
  3279 | D:3      | Found an opulent altar of Gozag.
  3279 | D:3      | Found a deep blue altar of Sif Muna.
  3296 | D:3      | Reached XP level 5. HP: 42/43 MP: 3/9
  3319 | D:3      | Reached skill level 1 in Necromancy
  3377 | D:3      | Found a sparkling altar of Nemelex Xobeh.
  3378 | D:3      | Found a bloodstained altar of Trog.
  3480 | D:3      | Reached skill level 1 in Fighting
  3484 | D:3      | Reached XP level 6. HP: 40/51 MP: 1/10
  3678 | D:3      | Noticed Typee's ghost (amateur OpCj)
  3686 | D:3      | Killed Typee's ghost
  3686 | D:3      | Reached skill level 4 in Fire Magic
  3732 | D:3      | Noticed Natasha
  4029 | D:3      | Killed Natasha
  4234 | D:3      | Noticed Natasha
  4354 | D:3      | Killed Natasha
  4631 | D:3      | Noticed Natasha
  4634 | D:3      | Killed Natasha
  4634 | D:3      | Reached XP level 7. HP: 57/57 MP: 7/12
  4997 | D:4      | Learned a level 4 spell: Sticky Flame
  5293 | D:4      | Noticed Grinder
  5760 | D:4      | Paralysed by Grinder for 2 turns
  5779 | D:4      | Killed Grinder
  5779 | D:4      | Reached skill level 5 in Fire Magic
  5779 | D:4      | Reached XP level 8. HP: 50/64 MP: 0/14
  5937 | D:4      | Got a crude garnet amulet
  6095 | D:5      | Entered Level 5 of the Dungeon
  6111 | D:5      | Noticed Blork the orc
  6170 | D:5      | Noticed Eustachio
  6361 | D:5      | Killed Blork the orc
  6385 | D:5      | Found Ukkejib's Food Shoppe.
  6465 | D:5      | Bought a beef jerky for 19 gold pieces
  6501 | D:5      | Noticed Edmund
  6544 | D:5      | Noticed Menkaure
  6551 | D:5      | Killed Menkaure
  6557 | D:5      | Found a sand-covered staircase.
  6562 | Ossuary  | Entered an ossuary
  6562 | Ossuary  | Noticed a wraith
  6562 | Ossuary  | Noticed a wraith
  6562 | Ossuary  | Noticed a wraith
  6819 | Ossuary  | Noticed a wraith
  6847 | Ossuary  | Slain by a wraith

Skill      XL: |  1  2  3  4  5  6  7  8 |
---------------+-------------------------+-----
Dodging        | 2 3 |  3.3
Armour         | 1 |  1.0
Necromancy     | 1 2 3 |  3.7
Spellcasting   | 3 4 |  4.8
Fighting       | 1 |  1.5
Stealth        | 4 |  4.8
Conjurations   | 2 3 4 |  4.0
Fire Magic     | 4 5 |  5.5
Short Blades   | |  0.6

Action                   |  1- 3 |  4- 6 |  7- 9 || total
-------------------------+-------+-------+-------++-------
Melee: Unarmed           |    10 |       |       ||    10
       Short sword       |    18 |     6 |     4 ||    28
 Cast: Flame Tongue      |    69 |    93 |   106 ||   268
       Throw Flame       |       |    17 |    19 ||    36
       Sticky Flame      |       |       |     5 ||     5
 Abil: Spit Poison       |     4 |     5 |     5 ||    14
  Use: Scroll            |       |     6 |     2 ||     8
       Potion            |       |       |     1 ||     1
 Stab: Sleeping          |     4 |       |     2 ||     6
  Eat: Chunk             |     3 |     2 |     4 ||     9
       Bread ration      |     1 |     1 |       ||     2
Armor: Robe              |    10 |    11 |    32 ||    53
Dodge: Dodged            |    34 |    21 |    50 ||   105
